[Event "*** Titled Tuesday Blitz"]
[Site "Chess.com"]
[Date "2018.05.01"]
[Round "1"]
[White "Yurovskykh_Oleksandr"]
[Black "Shtembuliak"]
[Result "0-1"]
[WhiteElo "2364"]
[BlackElo "2682"]
[TimeControl "180+2"]
[EndTime "13:11:04 PDT"]
[Termination "Shtembuliak won by checkmate"]

1. d4 g6 2. c4 Bg7 3. e4 d6 4.
Nc3 e5 5. d5 a5 6. Bd3 Na6 7.
Nge2 Nc5 8. Bc2 h5 9. Rb1 h4 10. a3 h3 11. g3 Bg4 12. b4 axb4 13. axb4 Bf3 14. Rg1 Nd7 15. Qd3 Bg2 16. Be3 Bh6 17. Kd2 Bxe3+ 18. Qxe3 Ngf6 19. f3 c6 20. Ra1 cxd5 21.
cxd5 O-O 22. Bd3 Kg7 23. Nb5 Qe7 24. Nec3 Nh7 25. Ra7 Ng5 26. Be2 Rxa7 27. Nxa7 Ra8 28. Ncb5 Qf6 29. Rc1 Nxf3+ 30. Bxf3 Qxf3 31. Qxf3 Bxf3 32.
Ke3 Bg2 33. Rc7 Nf6 34. Nxd6 Ng4+ 35. Ke2 Rxa7 36. Rxf7+ Kh6 37. Rxb7 Ra2+ 38. Kd3 Nxh2 39. Nf7+ Kh5 40. Nxe5 Nf1 41. Rh7+ Kg5 42. Nf7+ Kg4 43. d6 h2 44. Ne5+ Kxg3 45. d7 Rd2+ 46. Kc3 h1=Q 47. Rxh1 Bxh1 48. b5 Bxe4 49. b6 Kf4 50. Nxg6+ Kf5 51.
Ne7+ Ke6 52. Nd5 Rd3+ 53. Kc4 Kxd7 54. b7 Bxd5+ 55. Kxd3 Bxb7 56. Ke2 Ng3+ 57. Ke3 Kd6 58. Kd4 Nf5+ 59. Kc4 Bc6 60. Kc3 Kd5 61. Kd3 Bb5+ 62. Kc3 Kc5 63. Kb3 Ne3 64. Kc3 Nd5+ 65. Kb3 Bc4+ 66.
Kc2 Kd4 67. Kd2 Bd3 68. Kc1 Kc3 69. Kd1 Nf6 70. Kc1 Be2 71. Kb1 Nd5 72. Kc1 Nb4 73. Kb1 Nc2 74. Kc1 Bc4 75. Kb1 Bb3 76. Kc1 Ba2 77.
Kd1 Nd4 78. Ke1 Kd3 79. Kf2 Ne2 80. Kf3 Be6 81. Kf2 Bd5 82. Kf1 Ke3 83. Ke1 Bb3 84. Kf1 Nf4 85. Ke1 Ng2+ 86. Kf1 Kf3 87. Kg1 Kg3 88. Kf1 Bc4+ 89. Kg1 Nf4 90. Kh1 Bd3 91.
Kg1 Nh3+ 92. Kh1 Be4# 0-1

[Event "*** Titled Tuesday Blitz"]
[Site "Chess.com"]
[Date "2018.05.01"]
[Round "1"]
[White "gmjlh"]
[Black "MattyDPerrine"]
[Result "1-0"]
[WhiteElo "2589"]
[BlackElo "2284"]
[TimeControl "180+2"]
[EndTime "13:11:07 PDT"]
[Termination "gmjlh won by resignation"]

1. e4 c5 2. Nf3 e6 3. b3 Nf6 4.
e5 Nd5 5. Bb2 Nc6 6. Bb5 Qb6 7.
Bxc6 Qxc6 8. O-O Be7 9. c4 Nf4 10. d4 cxd4 11. Bxd4 b6 12. Be3 Ng6 13. Re1 Bb7 14.
Bd2 d6 15. exd6 Bf6 16. Bc3 Rd8 17. Qe2 Rxd6 18. Qf1 Nf4 19. a4 Rd3 20. Re3 Rxe3 21.
fxe3 Ng6 22. Bxf6 gxf6 23. Nc3 Ke7 24. Qf2 Rd8 25. Rf1 f5 26. Nd4 Qc5 27. Nce2 Rg8 28.
Ng3 Ke8 29. Rd1 Nh4 30. Qf4 Ng6 31. Qb8+ Qc8 32. Qxc8+ Bxc8 33. Nb5 Bd7 34. Nxa7 Ne5 35. Nb5 Ke7 36. Nd4 Ng4 37. Re1 Nf6 38. Kf2 h5 39. h3 h4 40. Nf1 e5 41. Nf3 Ke6 42. N1d2 Bc6 43. Nxh4 Rd8 44. Nhf3 Nd7 45. Ng5+ Kf6 46. Ngf3 Nc5 47. Ke2 Nd3 48. Ra1 Nb4 49. a5 bxa5 50. Rxa5 Be4 51. Rb5 Bd3+ 52. Kf2 Nc6 53. Rb6 Rd6 54.
c5 Re6 55. b4 e4 56. Ne1 Ne5 57. Rxe6+ Kxe6 58. Nb3 Kd5 59. Nd4 f4 60. exf4 Ng6 61. Nf5 Nxf4 62. Ne3+ Kc6 63. h4 Bb5 64. g4 Kd7 65. h5 Ke6 66. h6 Kf6 67. Kg3 Ne6 68.
Nd5+ Kg6 69. Nf4+ Nxf4 70. Kxf4 Kxh6 71. Ng2 Kg6 72. Ne3 Bc6 73. Ke5 Kg5 74. Kd6 Ba4 75.
c6 Kf4 76. c7 1-0

[Event "*** Titled Tuesday Blitz"]
[Site "Chess.com"]
[Date "2018.05.01"]
[Round "1"]
[White "Margency"]
[Black "ABDELAZEEZ-M"]
[Result "1/2-1/2"]
[WhiteElo "2546"]
[BlackElo "2266"]
[TimeControl "180+2"]
[EndTime "13:11:25 PDT"]
[Termination "Game drawn by repetition"]

1. e4 c5 2. Nf3 Nc6 3. d4 cxd4 4. Nxd4 g6 5. c4 Bg7 6. Be3 Nf6 7. Nc3 d6 8. Be2 Bd7 9. O-O O-O 10. Qd2 Nxd4 11.
Bxd4 Bc6 12. f3 a5 13. b3 Nd7 14. Be3 Nc5 15. Rab1 Qb6 16. Rfc1 Rfc8 17. Rc2 Qd8 18. Nd1 h5 19. Nf2 Qf8 20. Nh3 Bd7 21. Nf4 Bc6 22.
Kh1 Kh7 23. Rd1 Qh8 24. Nh3 Ne6 25. Bf1 a4 26. b4 a3 27. c5 Ba4 28. Rdc1 Bxc2 29.
Rxc2 dxc5 30. bxc5 Rd8 31. Qc1 Bd4 32. Bc4 Bxe3 33.
Qxe3 Qd4 34. Qe1 Qd1 35. Rc1 Qxe1+ 36. Rxe1 Nxc5 37. Bxf7 Kg7 38. Bc4 Rd2 39. Nf4 Rad8 40. Nd5 e6 41. Ne3 b5 42. Bxb5 Rxa2 43. h4 Rb8 44.
Bc4 Rab2 45. Kh2 a2 46. Ra1 Ra8 47. Kg3 Kf6 48. Kf4 e5+ 49. Kg3 Ra4 50. Bg8 Ne6 51.
Nd5+ Kg7 52. Bxe6 Rb1 53. Rxa2 Rxa2 54. Nc3 Rab2 55. Nxb1 Rxb1 56. Bd5 Kf6 57. Kf2 Rb2+ 58. Kg3 g5 59. hxg5+ Kxg5 60. Kh3 h4 61. g3 hxg3 62.
Kxg3 Rb1 63. Be6 Rg1+ 64. Kf2 Rd1 65. Kg3 Rd2 66. Bf5 Rd1 67. Bg4 Rd2 68. Bf5 Rd6 69.
Bg4 Rh6 70. Bf5 Rh8 71. Bg4 Rb8 72. Bf5 Rb1 73. Bg4 Rh1 74. Bf5 Rh4 75. Bg4 Rh1 76. Bf5 Rg1+ 77. Kf2 Rh1 78. Kg3 Rh8 79. Bg4 Rg8 80. Bf5 Kf6+ 81. Bg4 Rg7 82. f4 Rc7 83. fxe5+ Kxe5 84. Bf5 Rg7+ 85. Kf3 Rb7 86. Kg4 Rg7+ 87. Kf3 Rg1 88. Kf2 Rc1 89. Kf3 Rg1 90. Kf2 Rg7 91. Kf3 1/2-1/2

[Event "*** Titled Tuesday Blitz"]
[Site "Chess.com"]
[Date "2018.05.01"]
[Round "1"]
[White "EmreDedebas"]
[Black "schoolmeester"]
[Result "0-1"]
[WhiteElo "2365"]
[BlackElo "2695"]
[TimeControl "180+2"]
[EndTime "13:11:40 PDT"]
[Termination "schoolmeester won by checkmate"]

1. Nf3 d5 2. g3 Bf5 3. Bg2 Nf6 4.
c4 c6 5. cxd5 cxd5 6. Qb3 Qb6 7.
Qxb6 axb6 8. d3 Bd7 9. Nc3 e6 10. Bf4 Bc5 11. O-O Nc6 12. a3 d4 13. Nb5 Nd5 14.
b4 Be7 15. Nfxd4 Nxd4 16. Nxd4 Nxf4 17. gxf4 Bf6 18. e3 Bxd4 19. exd4 O-O-O 20. Rfc1+ Kb8 21. a4 Be8 22. Rc4 b5 23. axb5 Bxb5 24. Rc5 Bxd3 25.
Rca5 Bc4 26. b5 Bd5 27. b6 Kc8 28. Bxd5 exd5 29. Rc1+ Kb8 30. Rc7 Rd6 31. Rxf7 Rg8 32. Rb5 Rf6 33. Rxf6 gxf6+ 34. Kf1 Rd8 35. Ke2 Rd6 36.
Kf3 Kc8 37. Kg4 Kd7 38. Kf5 Kc6 39. Rb3 Rd8 40. Kxf6 Rf8+ 41. Kg5 Rg8+ 42. Kf5 Rf8+ 43. Kg4 Rg8+ 44. Kf3 Rf8 45. Kg4 Rg8+ 46. Kf5 Rf8+ 47. Ke6 Rxf4 48. Rc3+ Kxb6 49. Kxd5 Rxf2 50. h3 Rf6 51. Ke5 Rc6 52. Rb3+ Kc7 53. d5 Rh6 54. Rf3 Rh5+ 55. Ke6 Kb6 56. d6 Rh4 57. d7 Rd4 58.
Ke7 Re4+ 59. Kf6 Kc7 60. Rd3 Kd8 61. Kg7 Re7+ 62. Kh6 Rxd7 63. Rxd7+ Kxd7 64. Kxh7 b5 65. Kg7 b4 66. h4 b3 67. h5 b2 68. h6 b1=Q 69.
h7 Qb2+ 70. Kg8 Qb8+ 71. Kg7 Qg3+ 72. Kf7 Qf4+ 73. Kg7 Qg5+ 74. Kf7 Qf5+ 75. Kg7 Qg5+ 76. Kf7 Qh6 77. Kg8 Qe6+ 78. Kg7 Ke7 79. h8=Q Qg4+ 80. Kh6 Qh4+ 81. Kg7 Qg5+ 82. Kh7 Kf7 83. Qf8+ Kxf8 84. Kh8 Qh6# 0-1

[Event "*** Titled Tuesday Blitz"]
[Site "Chess.com"]
[Date "2018.05.01"]
[Round "1"]
[White "bangchess21"]
[Black "BergenChessAcademy"]
[Result "0-1"]
[WhiteElo "2510"]
[BlackElo "2228"]
[TimeControl "180+2"]
[EndTime "13:11:48 PDT"]
[Termination "BergenChessAcademy won by resignation"]

1. e4 c6 2. d4 d5 3. exd5 cxd5 4. Bd3 g6 5. c3 Bg7 6. Bf4 Nh6 7. Nf3 Bf5 8. O-O Bxd3 9. Qxd3 O-O 10. Nbd2 Nc6 11.
Rfe1 Nf5 12. h3 a6 13. Ne5 Rc8 14. Nb3 Nxe5 15. Bxe5 Bxe5 16. Rxe5 e6 17. Nc5 Nd6 18. a4 a5 19. Re2 b6 20. Nb3 Nc4 21. Nc1 Qd7 22. b3 Nd6 23. Rc2 Rc7 24. f3 Rfc8 25. Qd2 Nf5 26. Ne2 Qd6 27. g4 Ne7 28.
Nf4 Kg7 29. Kg2 Nc6 30. Re1 Qa3 31.
Rb2 Qd6 32. h4 h6 33. g5 hxg5 34. hxg5 Rh8 35. Rbb1 Ne7 36. Rh1 Rcc8 37. Nd3 Nf5 38. Ne5 Qc7 39. Rxh8 Rxh8 40. Rh1 Rxh1 41. Kxh1 Qe7 42.
Kg2 Qa3 43. Nd7 Qxb3 44. Qf4 Qc2+ 45. Kh3 Qe2 46. Qe5+ Qxe5 47. dxe5 d4 48. cxd4 Nxd4 49. Kg4 b5 50. axb5 Nxb5 51. Nc5 Nc3 52. Kf4 a4 53. Ke3 a3 54. Nb3 Nd5+ 55. Kd4 Nf4 56. Ke3 Nd5+ 57. Kd4 Kf8 58. Kc5 Nf4 59. Kd4 Nh3 60. Kc3 Nxg5 61.
Nd2 Kg7 62. Kb3 Kh6 63. Kxa3 Nh3 64. Ne4 Ng1 65. f4 Ne2 66. Ng5 Kg7 67. Nh3 f6 68. exf6+ Kxf6 69. Kb3 Kf5 70. Kc4 Nxf4 71. Nf2 e5 72.
Kc3 g5 73. Kd2 g4 74. Ke3 Nd5+ 75. Ke2 e4 76. Nh1 Kf4 77. Kf1 Ne3+ 78. Kf2 Nf5 79. Kg2 g3 80. Kg1 Kf3 81. Nf2 gxf2+ 82. Kh2 e3 0-1

[Event "*** Titled Tuesday Blitz"]
[Site "Chess.com"]
[Date "2018.05.01"]
[Round "1"]
[White "Jospem"]
[Black "TastyFrenchFries"]
[Result "1-0"]
[WhiteElo "2695"]
[BlackElo "2368"]
[TimeControl "180+2"]
[EndTime "13:12:06 PDT"]
[Termination "Jospem won by checkmate"]

1. e4 e6 2. d4 d5 3. Nc3 Bb4 4.
e5 c5 5. a3 Bxc3+ 6. bxc3 Ne7 7. Nf3 Qa5 8. Bd2 c4 9. g3 Qa4 10. Bh3 Nbc6 11. O-O Bd7 12. Nh4 O-O-O 13. f4 g6 14. Ng2 h5 15. Qb1 Nf5 16. Qb2 b6 17.
Ne1 Nce7 18. Nf3 Rdf8 19. Ng5 Kc7 20. Rfe1 Bc6 21. Bg2 Bd7 22. Bf3 Bc6 23. Kf2 Bd7 24. Rg1 Bc6 25. Rg2 Bd7 26. Kg1 Bc6 27. Re2 Bd7 28.
Be1 Bc6 29. Bf2 Bd7 30. Kg2 Bc6 31. h3 Bd7 32. Rh1 Nc6 33. Ree1 Kb8 34. g4 Nfe7 35. Bd1 Kb7 36. Bg3 Qa6 37. Nf3 Qa4 38. Bh4 Ng8 39.
Bg5 f6 40. exf6 Nxf6 41. Nh4 Rhg8 42. Bf3 hxg4 43. hxg4 Ne8 44. Kg3 Nd6 45. Ng2 Rh8 46.
Rxh8 Rxh8 47. Nh4 Rg8 48. Bf6 Nb5 49. Rb1 Na5 50. Be7 a6 51. Bg2 Nc6 52. Bb4 a5 53.
Ra1 Nc7 54. Bd6 Nb5 55. Be5 Nxe5 56. fxe5 g5 57. Nf3 Nc7 58. Qc1 Be8 59. Ra2 Bg6 60. Nxg5 Qe8 61. Rb2 Qe7 62. Nh3 Be8 63. Bf3 b5 64.
Rb1 Bc6 65. Qf4 Qxa3 66. Qd2 a4 67. g5 Qe7 68. Bg4 a3 69. Ra1 Ra8 70. Qf4 a2 71.
Qf6 Qa3 72. Qf3 Qb2 73. Qd1 Qxc3+ 74. Bf3 Qxd4 75. Qxd4 b4 76. Qc5 Na6 77. Qe7+ Kb6 78. Nf4 b3 79. cxb3 cxb3 80. Qa3 Nc5 81. Qb4+ Bb5 82.
Be2 Ra5 83. Rc1 a1=Q 84. Qxc5+ Kb7 85. Rxa1 Rxa1 86. Qxb5+ Kc7 87. Qxb3 Ra6 88. Bxa6 Kd7 89. Qb7+ Ke8 90. Ng6 Kd8 91. Bb5 d4 92. Qd7# 1-0

[Event "*** Titled Tuesday Blitz"]
[Site "Chess.com"]
[Date "2018.05.01"]
[Round "1"]
[White "penguingm1"]
[Black "Zhani-Z"]
[Result "1-0"]
[WhiteElo "2749"]
[BlackElo "2387"]
[TimeControl "180+2"]
[EndTime "13:12:30 PDT"]
[Termination "penguingm1 won on time"]

1. d4 Nf6 2. c4 e6 3. Nc3 Bb4 4. Qc2 O-O 5. Nf3 d5 6. cxd5 exd5 7. Bg5 h6 8. Bh4 c5 9. dxc5 g5 10. Bg3 Ne4 11. e3 Qa5 12. Rc1 Qxa2 13. Bd3 Bxc3+ 14.
bxc3 Qxc2 15. Bxc2 Nc6 16. Bxe4 dxe4 17. Nd4 Be6 18.
h4 Kg7 19. Bd6 Rfd8 20. hxg5 hxg5 21. Nxe6+ fxe6 22. Ke2 Rh8 23. Rxh8 Kxh8 24. Rb1 b6 25. cxb6 axb6 26. Rxb6 Ra2+ 27. Ke1 Na5 28. Be5+ Kh7 29. g4 Nc4 30. Rxe6 Nb2 31. Kf1 Nd3 32. Bg3 Ra1+ 33. Kg2 Ra4 34. Be5 Ra2 35. Bg3 Ra4 36. Rd6 Ne1+ 37.
Kf1 Ra1 38. Ke2 Nf3 39. Rd1 Ra2+ 40. Kf1 Rc2 41. Rd7+ Kg6 42. Rd6+ Kf7 43. Rd7+ Ke6 44. Rd6+ Ke7 45. Rd1 Rxc3 46. Kg2 Rc2 47. Bd6+ Ke6 48. Bb4 Rb2 49. Ba3 Ra2 50. Bf8 Ra8 51. Bg7 Rg8 52. Bc3 Rc8 53. Bd4 Rc7 54. Rh1 Rc2 55. Rd1 Rc7 56.
Rh1 Rc2 57. Rd1 Ra2 58. Rh1 Kd5 59. Rd1 Kc4 60. Bf6 Ra6 61. Bg7 Rg6 62. Bf8 Rg8 63. Bd6 Rd8 64. Rc1+ Kd3 65. Bg3 Ra8 66. Rd1+ Ke2 67.
Rb1 Ne1+ 68. Kg1 Rh8 69. Rb2+ Kd3 70. Rb1 Nf3+ 71. Kg2 Rc8 72. Rb3+ Ke2 73. Rb1 Kd3 74. Rd1+ Ke2 75. Ra1 Ne1+ 76. Kg1 Kf3 77. Kf1 Nd3 78.
Kg1 Rc2 79. Rf1 Kxg4 80. Kg2 Re2 81. Ra1 1-0

[Event "*** Titled Tuesday Blitz"]
[Site "Chess.com"]
[Date "2018.05.01"]
[Round "2"]
[White "Angulo07"]
[Black "PrinceMurad09"]
[Result "1-0"]
[WhiteElo "2271"]
[BlackElo "2391"]
[TimeControl "180+2"]
[EndTime "13:16:10 PDT"]
[Termination "Angulo07 won by resignation"]

1. d4 Nf6 2. Bg5 Ne4 3. Bf4 d5 4. f3 Nf6 5. Nd2 Bf5 6. e3 Nbd7 7. Bd3 Bxd3 8. cxd3 c6 9. Ne2 g6 10. Qa4 Bg7 11.
Qb4 Qb6 12. Qxb6 axb6 13. Kf2 O-O 14. g4 h6 15. h4 Ne8 16. a4 Nd6 17. h5 e5 18. dxe5 Nxe5 19. Bxe5 Bxe5 20. d4 Bg7 21. b4 b5 22. axb5 Nxb5 23. Ra5 b6 24. Rxa8 Rxa8 25. Rc1 Rc8 26. Nf4 g5 27. Nxd5 Nxd4 28. Ne7+ 1-0

[Event "*** Titled Tuesday Blitz"]
[Site "Chess.com"]
[Date "2018.05.01"]
[Round "2"]
[White "blitzcopter"]
[Black "XiaoKangZhong"]
[Result "0-1"]
[WhiteElo "2056"]
[BlackElo "2190"]
[TimeControl "180+2"]
[EndTime "13:16:28 PDT"]
[Termination "XiaoKangZhong won by resignation"]

1. e4 c5 2. Nc3 g6 3. g3 Bg7 4.
Bg2 Nc6 5. d3 d6 6. Be3 e6 7.
Qd2 Qa5 8. f4 Nd4 9. Nge2 Ne7 10. O-O Nec6 11. a3 O-O 12. b4 cxb4 13. axb4 Qxb4 14.
Rab1 Nxe2+ 15. Nxe2 Qxd2 16. Bxd2 Nd4 17. Kf2 Nxc2 0-1

[Event "*** Titled Tuesday Blitz"]
[Site "Chess.com"]
[Date "2018.05.01"]
[Round "2"]
[White "LastHeroJr"]
[Black "windking123"]
[Result "1-0"]
[WhiteElo "2448"]
[BlackElo "2301"]
[TimeControl "180+2"]
[EndTime "13:16:33 PDT"]
[Termination "LastHeroJr won by checkmate"]

1. e4 c5 2. Nf3 e6 3. d4 cxd4 4.
Nxd4 Nc6 5. Nc3 Qc7 6. Be3 Nf6 7. Qd2 Bb4 8. f3 d5 9. a3 Bxc3 10. Qxc3 dxe4 11. Nb5 Qb8 12. Bc5 b6 13. Bd6 Qb7 14. O-O-O Bd7 15. Nc7+ Kd8 16. Ba6 Qxc7 17. Bxc7+ Kxc7 18. Qd2 exf3 19. Qd6+ Kd8 20. Qxc6 Ke7 21. Qd6+ Ke8 22.
gxf3 Rd8 23. Bb5 Bxb5 24. Qxd8# 1-0

[Event "*** Titled Tuesday Blitz"]
[Site "Chess.com"]
[Date "2018.05.01"]
[Round "2"]
[White "AndrewMcStone"]
[Black "Vusatiuk_Vladimir"]
[Result "1-0"]
[WhiteElo "2085"]
[BlackElo "2166"]
[TimeControl "180+2"]
[EndTime "13:16:35 PDT"]
[Termination "AndrewMcStone won by resignation"]

1. d4 d5 2. c4 dxc4 3. e4 e5 4. Nf3 exd4 5. Bxc4 Nc6 6. O-O Be6 7. Bb5 Bc5 8. Qc2 Qe7 9. Bxc6+ bxc6 10. b4 Nf6 11.
bxc5 O-O 12. Bg5 Rfd8 13. e5 d3 14. Qd2 Ne4 15. Bxe7 Nxd2 16. Nbxd2 Rd7 17. Bh4 Rb8 18. Rfb1 Rbd8 19. Bxd8 1-0

[Event "*** Titled Tuesday Blitz"]
[Site "Chess.com"]
[Date "2018.05.01"]
[Round "2"]
[White "PlotnikovPavel"]
[Black "akretchetov"]
[Result "0-1"]
[WhiteElo "2252"]
[BlackElo "2315"]
[TimeControl "180+2"]
[EndTime "13:16:42 PDT"]
[Termination "akretchetov won by checkmate"]

1. d4 d5 2. Nf3 Nf6 3. c4 c6 4. Nc3 g6 5. cxd5 cxd5 6. Bf4 a6 7. e3 Nc6 8. Bd3 Bg7 9. O-O Nh5 10. Bg3 Nxg3 11.
hxg3 O-O 12. a3 b5 13. b4 e5 14. dxe5 Nxe5 15. Nxe5 Bxe5 16. Qb3 d4 17. Nd5 dxe3 18.
Rad1 exf2+ 19. Kh2 Qh4# 0-1

[Event "*** Titled Tuesday Blitz"]
[Site "Chess.com"]
[Date "2018.05.01"]
[Round "2"]
[White "GrigorGrigorov"]
[Black "Orest_Vovk"]
[Result "1-0"]
[WhiteElo "2652"]
[BlackElo "2467"]
[TimeControl "180+2"]
[EndTime "13:16:48 PDT"]
[Termination "GrigorGrigorov won by resignation"]

1. d4 h6 2. e4 g5 3. Bd3 Bg7 4. c3 d5 5. e5 c5 6. h4 g4 7. h5 Nc6 8. Ne2 Qb6 9. O-O Bd7 10. Nf4 cxd4 11. Nxd5 Qa5 12. c4 Bxe5 13. b4 Qd8 14. b5 Na5 15. Re1 Bb8 16. Ba3 Be6 17. Rxe6 fxe6 18. Qxg4 Nf6 19. Nxf6+ exf6 20. Qxe6+ 1-0

[Event "*** Titled Tuesday Blitz"]
[Site "Chess.com"]
[Date "2018.05.01"]
[Round "2"]
[White "Alexander_Moskalenko"]
[Black "Incognito_Knight"]
[Result "1-0"]
[WhiteElo "2748"]
[BlackElo "2505"]
[TimeControl "180+2"]
[EndTime "13:17:04 PDT"]
[Termination "Alexander_Moskalenko won by resignation"]

1. e4 c5 2. Nf3 e6 3. d4 cxd4 4. Nxd4 a6 5. c4 Nf6 6. Nc3 Qc7 7. Be2 Bb4 8. Qd3 b6 9. a3 Be7 10. O-O Bb7 11. f4 d6 12. b4 Nbd7 13. Bd2 O-O 14.
g4 d5 15. cxd5 exd5 16. e5 Ne4 17. Nf5 Rfe8 18. Nxd5 Bxd5 19. Nxe7+ Rxe7 20. Qxd5 Nxd2 21. Qxa8+ Nf8 22. Rfd1 Qc3 23. Kh1 g5 24. Qd5 Nb3 25.
Rab1 Qe3 26. Qf3 1-0

[Event "*** Titled Tuesday Blitz"]
[Site "Chess.com"]
[Date "2018.05.01"]
[Round "2"]
[White "MartinZumsande"]
[Black "chidori_boruto"]
[Result "1-0"]
[WhiteElo "2481"]
[BlackElo "2518"]
[TimeControl "180+2"]
[EndTime "13:17:19 PDT"]
[Termination "MartinZumsande won by resignation"]

1. e4 c6 2. d4 d5 3. exd5 cxd5 4. c4 Nf6 5. Nc3 Nc6 6. Bg5 dxc4 7. Bxc4 h6 8. Bh4 e6 9. Nf3 Be7 10. O-O O-O 11.
a3 a6 12. Qd3 Nd5 13. Bg3 b5 14. Bb3 Bb7 15. Nxd5 exd5 16. Rfe1 Na5 17. Bc2 g6 18. Ne5 Bf6 19. Nxg6 Re8 20. Ne5 Bg7 21. Qf5 Qf6 22. Qh7+ 1-0

[Event "*** Titled Tuesday Blitz"]
[Site "Chess.com"]
[Date "2018.05.01"]
[Round "2"]
[White "HarutyunianTigranK"]
[Black "kasparik_garik"]
[Result "1-0"]
[WhiteElo "2725"]
[BlackElo "2499"]
[TimeControl "180+2"]
[EndTime "13:17:28 PDT"]
[Termination "HarutyunianTigranK won by resignation"]

1. c4 g6 2. Nc3 Bg7 3. Nf3 Nf6 4. g3 O-O 5. Bg2 c6 6. d4 a6 7. O-O b5 8. b3 d6 9. Bf4 Ra7 10. Rc1 Rd7 11. Qc2 Bb7 12. e4 Nh5 13. Be3 e5 14. Rfd1 exd4 15. Bxd4 Bxd4 16. Nxd4 c5 17. Nde2 b4 18. Nd5 Bxd5 19. Rxd5 Nf6 20. Rd2 Re8 21. Rcd1 Nc6 22. f3 Qe7 23. Qb2 a5 24. a4 h5 25.
h4 Rdd8 26. Nf4 Nd4 27. Rxd4 cxd4 28. Rxd4 Qe5 29. Qd2 Nd7 30. Rxd6 Qe6 31. Nxe6 1-0

[Event "*** Titled Tuesday Blitz"]
[Site "Chess.com"]
[Date "2018.05.01"]
[Round "2"]
[White "Indianlad"]
[Black "grzechu96"]
[Result "1-0"]
[WhiteElo "2638"]
[BlackElo "2465"]
[TimeControl "180+2"]
[EndTime "13:17:31 PDT"]
[Termination "Indianlad won by resignation"]

1. e4 c5 2. Nf3 d6 3. d4 cxd4 4. Nxd4 Nf6 5. Nc3 a6 6. a3 e6 7. f4 b5 8. Qf3 Bb7 9. g4 Qc7 10. g5 Nfd7 11. Be3 Nc6 12. O-O-O Na5 13. Kb1 Rc8 14. Qh3 Be7 15. g6 Nf8 16. gxf7+ Kxf7 17. f5 e5 18. Ne6 Nxe6 19. fxe6+ Ke8 20. Rg1 Bf6 21.
Qh5+ g6 22. Rxg6 hxg6 23. Qxg6+ Ke7 24. Qf7+ Kd8 25. Qxf6+ 1-0

[Event "*** Titled Tuesday Blitz"]
[Site "Chess.com"]
[Date "2018.05.01"]
[Round "2"]
[White "TrimitziosP7"]
[Black "igorkovalenko"]
[Result "0-1"]
[WhiteElo "2536"]
[BlackElo "2717"]
[TimeControl "180+2"]
[EndTime "13:17:37 PDT"]
[Termination "igorkovalenko won by resignation"]

1. Nf3 c5 2. c4 Nc6 3. b3 e5 4. Nc3 f5 5. d3 Nf6 6. g3 Be7 7. Bg2 O-O 8. O-O d6 9. Ne1 Be6 10. Nc2 Qd7 11. Ne3 f4 12. Ned5 Bh3 13. f3 g5 14.
Nxf6+ Rxf6 15. Ne4 Rg6 16. g4 Bxg2 17. Kxg2 h5 18. h3 Kg7 19. Bb2 Rh8 20. Rh1 Rgh6 21. Qd2 Kg6 22. Rag1 R8h7 23. Nf2 Kf7 24. Qc2 Bd8 25.
Rh2 Ne7 26. Rgh1 Ng6 27. Kg1 Ba5 28. Bc1 Be1 29. Ne4 Qe7 30. Bd2 Bg3 31. Rg2 hxg4 32. Rxg3 fxg3 33. Nxg5+ Kg7 34. Nxh7 Rxh7 35. fxg4 Nf4 36.
Bxf4 exf4 37. Qd2 Qe5 38. Kg2 Kg6 39. Rf1 Kg5 40. e4 Rxh3 41. Kf3 Rh2 42. Qc1 Rxa2 43.
b4 b6 44. b5 Rh2 45. d4 cxd4 46. Qd1 Qe6 0-1

[Event "*** Titled Tuesday Blitz"]
[Site "Chess.com"]
[Date "2018.05.01"]
[Round "2"]
[White "GulamaliRises"]
[Black "eljanov"]
[Result "1-0"]
[WhiteElo "2491"]
[BlackElo "2654"]
[TimeControl "180+2"]
[EndTime "13:17:48 PDT"]
[Termination "GulamaliRises won by resignation"]

1. e4 e5 2. Nc3 Nf6 3. f4 d5 4.
fxe5 Nxe4 5. Qf3 Nxc3 6. bxc3 Be7 7. d4 O-O 8. Bd3 c5 9. Ne2 c4 10. Bf5 Bxf5 11. Qxf5 Qc8 12. Qf3 Qd7 13. Nf4 Rd8 14.
O-O Nc6 15. Nh5 Qe6 16. Nf4 Qd7 17. Rb1 b6 18. a4 Bf8 19. Rb5 Ne7 20. Ba3 a6 21.
Rxb6 Qf5 22. Bxe7 Bxe7 23. Nxd5 Qxf3 24. Nxe7+ Kf8 25. Rxf3 Kxe7 26. Rb7+ Ke6 27. Rfxf7 Rf8 28. Rxf8 Rxf8 29. Rc7 Kd5 30. Rc5+ Ke4 31. e6 1-0

[Event "*** Titled Tuesday Blitz"]
[Site "Chess.com"]
[Date "2018.05.01"]
[Round "2"]
[White "Kirill_Klukin"]
[Black "Zaven_ChessMood"]
[Result "0-1"]
[WhiteElo "2516"]
[BlackElo "2880"]
[TimeControl "180+2"]
[EndTime "13:18:00 PDT"]
[Termination "Zaven_ChessMood won by resignation"]

1. Nf3 d5 2. c4 d4 3. b4 g5 4. h3 h6 5. d3 Bg7 6. g3 a5 7. b5 Nd7 8. a4 e5 9. Bg2 f5 10. Ba3 Ne7 11. Nbd2 O-O 12. c5 c6 13. Qb3+ Kh8 14. O-O Nd5 15. Nc4 Qe7 16. Nd6 N7f6 17. Nxc8 Raxc8 18. Nd2 e4 19. dxe4 fxe4 20. Bb2 e3 21.
fxe3 Nxe3 22. Rf2 Nh5 23. g4 Rxf2 24. Kxf2 Nxg2 25. gxh5 Nf4 26. Re1 Qe3+ 0-1

[Event "*** Titled Tuesday Blitz"]
[Site "Chess.com"]
[Date "2018.05.01"]
[Round "2"]
[White "Cruel_Yaro"]
[Black "matiss90"]
[Result "1-0"]
[WhiteElo "2634"]
[BlackElo "2319"]
[TimeControl "180+2"]
[EndTime "13:18:17 PDT"]
[Termination "Cruel_Yaro won by resignation"]

1. a3 Nf6 2. Nf3 g6 3. g3 Bg7 4. Bg2 O-O 5. O-O d6 6. c4 a6 7. Nc3 Nc6 8. d3 Rb8 9. b4 e5 10. Bg5 h6 11. Bxf6 Bxf6 12. Nd2 Bg7 13. Rc1 Bg4 14.
Qa4 Nd4 15. Rfe1 b5 16. Qxa6 c6 17. e3 Ra8 18. Qxa8 Qxa8 19. exd4 exd4 20. Nxb5 d5 21. Nd6 Qxa3 22. cxd5 Qxb4 23. N2c4 cxd5 24. Bxd5 Be6 25. Bxe6 fxe6 26. Rxe6 Kh7 27. Re7 Qa3 28. Nxa3 1-0

[Event "*** Titled Tuesday Blitz"]
[Site "Chess.com"]
[Date "2018.05.01"]
[Round "2"]
[White "Maghalashvili"]
[Black "Hanging_pointer"]
[Result "1-0"]
[WhiteElo "2611"]
[BlackElo "2327"]
[TimeControl "180+2"]
[EndTime "13:18:17 PDT"]
[Termination "Maghalashvili won by resignation"]

1. Nf3 Nf6 2. g3 b5 3. Bg2 Bb7 4. b3 e6 5. c4 Nc6 6. O-O bxc4 7. bxc4 Bb4 8. Bb2 Bc5 9. Nc3 Rb8 10. d4 Nxd4 11.
Nxd4 Bxg2 12. Kxg2 Rxb2 13. Nb3 Qa8+ 14. Kg1 Ba3 15. Na4 Ne4 16. Nxb2 Bxb2 17. Rb1 Bf6 18. Qd3 Nc3 19. Nc5 d6 20. Na6 Qc8 21. Rb8 O-O 22.
Rxc8 Rxc8 23. Nb4 c5 24. Nc2 d5 25. cxd5 exd5 26. Ne3 c4 27. Qf5 Rc5 28. Ng4 Nxe2+ 29.
Kg2 Bd4 30. Re1 g6 31. Nh6+ Kg7 32. Qxf7+ Kxh6 33. Rxe2 c3 34. Qf4+ g5 35. Qxd4 1-0

[Event "*** Titled Tuesday Blitz"]
[Site "Chess.com"]
[Date "2018.05.01"]
[Round "2"]
[White "Caisachess"]
[Black "alturas_pacificas"]
[Result "0-1"]
[WhiteElo "2169"]
[BlackElo "2147"]
[TimeControl "180+2"]
[EndTime "13:18:17 PDT"]
[Termination "alturas_pacificas won by resignation"]

1. e4 e5 2. Nf3 Nf6 3. Nc3 Nc6 4. Bb5 Bc5 5. O-O d6 6. h3 h6 7. d3 g5 8. Nxg5 hxg5 9. Bxg5 Rg8 10. h4 a6 11. Nd5 Rxg5 12. hxg5 Nxd5 13. Bxc6+ bxc6 14. exd5 Qxg5 15. dxc6 Bg4 16. Qc1 Qh5 17. c3 O-O-O 18. d4 Rh8 19. f3 exd4 20. Kf2 dxc3+ 21. Ke2 Re8+ 22. Kd1 Qd5+ 0-1

[Event "*** Titled Tuesday Blitz"]
[Site "Chess.com"]
[Date "2018.05.01"]
[Round "2"]
[White "josiwales"]
[Black "saraswathii"]
[Result "0-1"]
[WhiteElo "2392"]
[BlackElo "2273"]
[TimeControl "180+2"]
[EndTime "13:18:21 PDT"]
[Termination "saraswathii won by resignation"]

1. e4 c5 2. Nc3 e6 3. g3 d5 4. Bg2 d4 5. Nce2 Nc6 6. d3 Nf6 7.
f4 Be7 8. Nf3 O-O 9. h3 b5 10.
g4 Bb7 11. O-O Qb6 12. f5 exf5 13. gxf5 c4 14. Kh1 Rac8 15. Rg1 Rfd8 16. Bg5 Nb4 17. e5 Nfd5 18. f6 Bf8 19. Nfxd4 cxd3 20. cxd3 Bc5 21.
Nf5 Bxg1 22. Nxg1 Qf2 23. Qg4 h5 24. Qe4 Nxd3 25. Rf1 Qxf1 0-1

[Event "*** Titled Tuesday Blitz"]
[Site "Chess.com"]
[Date "2018.05.01"]
[Round "2"]
[White "robbykevlishvili"]
[Black "vugarrasulov"]
[Result "1-0"]
[WhiteElo "2553"]
[BlackElo "2728"]
[TimeControl "180+2"]
[EndTime "13:18:29 PDT"]
[Termination "robbykevlishvili won by resignation"]

1. e4 c5 2. Nf3 d6 3. d4 cxd4 4. Nxd4 Nf6 5. Nc3 a6 6. Bc4 e6 7. Bb3 Nbd7 8. f4 Nc5 9. e5 dxe5 10. fxe5 Nfd7 11. Be3 Nxe5 12. Qh5 Qc7 13. O-O-O Be7 14. Kb1 Nxb3 15. axb3 O-O 16. Bf4 f6 17. Rhe1 b5 18.
Nf3 b4 19. Ne4 g6 20. Qh3 a5 21.
Nxf6+ Bxf6 22. Nxe5 Qa7 23. Be3 Qc7 24. Ng4 Bg7 25.
Nh6+ Kh8 26. Rf1 Bb7 27. Qxe6 Bxg2 28. Nf7+ Kg8 29. Nd8+ Kh8 30. Rxf8+ Bxf8 31. Bd4+ 1-0